 Dungeon Crawl Stone Soup version 0.29-a0-380-gf50f0a9fbc (webtiles) character file.

Game seed: 12115433587581563278

1700 happo123 the Ruffian (level 8, -6/78 HPs)
             Began as a Troll Berserker on May 5, 2022.
             Was an Elder of Trog.
             Mangled by a killer bee (7 damage)
             ... on level 7 of the Dungeon.
             The game lasted 00:16:46 (3652 turns).

happo123 the Ruffian (Troll Berserker)              Turns: 3652, Time: 00:16:47

Health: -6/78      AC:  0    Str: 28    XL:     8   Next: 73%
Magic:  7/7        EV: 10    Int:  3    God:    Trog [****..]
Gold:   111        SH:  0    Dex:  9    Spells: 7/7 levels left

rFire   . . .      SeeInvis .   m - +0 war axe
rCold   . . .      Faith    .   f - orb {light}
rNeg    . . .      Spirit   .   a - +0 animal skin
rPois   .          Reflect  .   (helmet restricted)
rElec   .          Harm     .   (no cloak)
rCorr   .          Rampage  .   (gloves unavailable)
Will    ++++.                   (boots unavailable)
Stlth   +.........              (no amulet)
HPRegen 2.03/turn               e - ring of willpower
MPRegen 0.10/turn               n - ring of willpower

@: lethally poisoned (-6 -> -6), strong-willed, corroded, regenerating, glowing
A: large, unfitting armour, claws 3, regeneration 1, shaggy fur 1, tough skin 1
a: Renounce Religion, Berserk, Trog's Hand, Brothers in Arms


You were on level 7 of the Dungeon.
You worshipped Trog.
Trog was greatly pleased with you.
You visited 1 branch of the dungeon, and saw 5 of its levels.
You also visited: Sewer.

You collected 111 gold pieces.

Inventory:

Hand Weapons
 m - a +0 war axe (weapon)
 u - a +1 whip of electrocution
Missiles
 h - a throwing net (quivered)
Armour
 a - a +0 animal skin (worn)
 f - an orb of light (worn)
Jewellery
 e - a ring of willpower (left claw)
 n - a ring of willpower (right claw)
 w - an amulet of regeneration
Wands
 r - a wand of iceblast (8)
 s - a wand of acid (1)
Scrolls
 b - a scroll of summoning
 d - 2 scrolls of identify
 i - a scroll of brand weapon {unknown}
 j - 2 scrolls of teleportation {unknown}
 k - 2 scrolls of fear
 l - a scroll of fog {unknown}
 o - a scroll of enchant armour {unknown}
Potions
 c - 2 potions of lignification {unknown}
 g - a potion of heal wounds
 p - 3 potions of brilliance {unknown}
 q - a potion of cancellation {unknown}
 t - a potion of flight {unknown}
 v - a potion of degeneration {unknown}


   Skills:
 + Level 4.2 Fighting
 + Level 6.0 Axes
 + Level 4.4 Dodging
 + Level 0.5 Stealth
 + Level 6.3 Unarmed Combat


You had 7 spell levels left.
You didn't know any spells.
Your spell library was empty.

Dungeon Overview and Level Annotations

Branches:
Dungeon (7/15)             Temple (0/1) D:4           Sewer (visited)

Altars:


Innate Abilities, Weirdness & Mutations

You are too large for most types of armour.
You have claws for hands.
Your natural rate of healing is unusually fast.
You are covered in fur. (AC +1)
You have tough skin. (AC +1)


Message History

You hit the jelly.
Your claws burn!
* * * LOW HITPOINT WARNING * * *
The jelly is almost dead.
The jelly hits you.
* * * LOW HITPOINT WARNING * * *
You are splashed with acid!
* * * LOW HITPOINT WARNING * * *
You hit the jelly.
You kill the jelly!
Trog accepts your kill.
Your Axes skill increases to level 6!
A killer bee comes into view.
You slash the shadow imp!
You kill the shadow imp!
Trog accepts your kill. The killer bee barely misses you.
The killer bee stings you!
* * * LOW HITPOINT WARNING * * *
You hit the killer bee.
The killer bee is lightly wounded.
The killer bee stings you.
* * * LOW HITPOINT WARNING * * *
You are poisoned.
The killer bee poisons you! The killer bee barely misses you.
You closely miss the killer bee.
The killer bee is lightly wounded.
You feel sick.
The killer bee buzzes angrily.
The killer bee misses you. The killer bee barely misses you.
As you read the scroll of summoning, it crumbles to dust.
Wisps of shadow whirl around you...
You feel sick.
The killer bee barely misses you. x2; The killer bee closely misses you.
You feel sick. The killer bee stings you!
* * * LOW HITPOINT WARNING * * *
Your orc hits the killer bee but does no damage.
Your sky beast flickers out of sight for a moment.
Items here: ))) / [[ ††.
You swap places.
The killer bee attacks as you move away!
The killer bee stings you!
You die...

. #.. .....#
.#..# ....# .
###.....
....#####).>##
#....@yyo..# .#
#.....##YY..#...
#..... #....#)#
#..... #......#
#..... #.....##
#..... #....##
#..... #)...#
#.....##....#
###.....#


You could see 2 killer bees, 2 friendly ice beasts, a friendly sky beast
(summoned, invisible) and a friendly orc (summoned).

Vanquished Creatures
  Pikel (D:4)
  An orc warrior (D:7)
  3 ogres
  2 kobold brigands (Sewer)
  2 scorpions (D:4)
  A killer bee (D:7)
  3 howler monkeys (D:7)
  A jelly (D:7)
  4 orc priests
  3 orc wizards
  2 river rats (Sewer)
  7 adders
  2 shadow imps (D:7)
  12 worms
  A dart slug (D:3)
  19 orcs
  5 bats
  11 endoplasms
  3 giant cockroaches
  8 hobgoblins
  17 jackals
  4 quokkas
  5 ball pythons
  2 frilled lizards
  9 goblins
  11 kobolds
  12 rats
  2 bushes (D:3)
153 creatures vanquished.

Notes
Turn   | Place    | Note
-------+----------+-------------------------------------------
     0 | D:1      | happo123 the Troll Berserker began the quest for the Orb.
     0 | D:1      | Reached XP level 1. HP: 22/22 MP: 0/0
    27 | D:1      | Reached XP level 2. HP: 29/29 MP: 1/1
   783 | D:1      | Reached ** piety under Trog
   837 | D:2      | Reached XP level 3. HP: 36/36 MP: 2/2
  1183 | D:2      | Reached XP level 4. HP: 44/44 MP: 3/3
  1492 | D:3      | Noticed an ogre
  1499 | D:3      | Killed an ogre
  1500 | D:3      | Reached XP level 5. HP: 46/52 MP: 4/4
  1527 | D:3      | Found a glowing drain.
  1531 | Sewer    | Entered a sewer
  1631 | Sewer    | Reached skill level 5 in Unarmed Combat
  1817 | Sewer    | Reached XP level 6. HP: 57/61 MP: 5/5
  1904 | Sewer    | Reached *** piety under Trog
  2163 | D:3      | Found a faded altar of an unknown god.
  3051 | D:4      | Reached skill level 1 in Axes
  3051 | D:4      | Reached XP level 7. HP: 60/67 MP: 6/6
  3083 | D:4      | Noticed Pikel
  3088 | D:4      | HP: 3/67 [Pikel/+1 whip of electrocution (4)]
  3094 | D:4      | Killed Pikel
  3207 | D:4      | Reached **** piety under Trog
  3208 | D:4      | Reached XP level 8. HP: 69/78 MP: 7/7
  3320 | D:4      | Found a staircase to the Ecumenical Temple.
  3591 | D:4      | You fall into a shaft and drop 3 floors!
  3598 | D:7      | Reached skill level 5 in Axes
  3641 | D:7      | HP: 3/78 [acid (8)]
  3651 | D:7      | HP: 1/78 [killer bee (8)]
  3652 | D:7      | Mangled by a killer bee

Illustrated notes

Levels and vault maps discovered:
D:1:      co_arrival_square_in_a_square_in_a_square, layout_loops_corners,
          minmay_distorted
D:2:      layout_loops_ring
D:3:      layout_loops_ring, hellmonk_ecumenical_altar_heavens_door,
          gup_sewer_entry_bowl, minmay_hedge_maze
D:4:      layout_loops_corners, temple_hall_moat, uniq_pikel
D:7:      layout_rooms, serial_shops, kennysheep_little_box, uniq_menkaure

Skill      XL: |  1  2  3  4  5  6  7  8 |
---------------+-------------------------+-----
Dodging        | 3 4 |  4.4
Unarmed Combat | 4 5 6 |  6.3
Fighting       | 3 4 |  4.2
Axes           | 1 4 6 |  6.0
Stealth        | |  0.5

Action                   |  1- 3 |  4- 6 |  7- 9 || total
-------------------------+-------+-------+-------++-------
Melee: Unarmed           |    87 |    98 |       ||   185
       War axe           |       |    97 |    77 ||   174
Invok: Berserk           |     1 |     2 |     2 ||     5
       Trog's Hand       |       |       |     1 ||     1
  Use: Scroll            |       |     3 |     1 ||     4
       Potion            |       |       |     2 ||     2
Armor: Animal skin       |    27 |    36 |    17 ||    80
Dodge: Dodged            |    53 |    56 |    61 ||   170

Table legend: (Time is in decaauts)
 A = Elapsed time spent in this place.
 B = Non-inter-level travel time spent in this place.
 C = Inter-level travel time spent in this place.
 D = Time resting spent in this place.
 E = Time spent auto-exploring this place.
 F = Levels seen in this place.
 G = Mean time per level.
                   A        B        C        D        E       F      G
               +--------+--------+--------+--------+--------+-----+--------+
         Total |   3919 |   3568 |    351 |     42 |   2614 |   6 |  653.2 |
       Dungeon |   3247 |   2896 |    351 |     42 |   2205 |   5 |  649.4 |
         Sewer |    672 |    672 |      0 |      0 |    409 |   1 |  672.0 |
               +--------+--------+--------+--------+--------+-----+--------+

Top non-repeatable levels by time:
     D:3: 1021 daAuts
     D:1: 838 daAuts
     D:4: 778 daAuts
   Sewer: 672 daAuts
     D:2: 536 daAuts
     D:7: 73 daAuts
